 Dungeon Crawl Stone Soup version 0.27-a0-79-gcaaa221d37 (webtiles) character file.

Game seed: 17389407344296076481

100 Borgoz the Ducker (level 4, -2/38 HPs)
             Began as a Ghoul Gladiator on Jan 14, 2021.
             Slain by Natasha (8 damage)
             ... on level 3 of the Dungeon.
             The game lasted 00:02:32 (2138 turns).

Borgoz the Ducker (Ghoul Gladiator)                 Turns: 2138, Time: 00:02:32

Health: -2/38      AC:  5    Str: 17    XL:     4   Next: 74%
Magic:  3/3        EV: 12    Int: -1    God:
Gold:   130        SH:  0    Dex: 11    Spells: 3/3 levels left

rFire    . . .     SeeInvis .   a - +0 long sword
rCold    + . .     Faith    .   (no shield)
rNeg     + + +     Spirit   .   b - +0 leather armour
rPois    ∞         Reflect  .   c - +0 helmet
rElec    .         Harm     .   (no cloak)
rCorr    .         Rampage  .   o - +0 pair of gloves
Will     +....                  (no boots)
Stlth    +.........             (no amulet)
HPRegen  0.00/turn              e - ring of willpower
MPRegen  0.08/turn              s - -4 ring of intelligence (curse)

@: slowed, lost intelligence, very slow
A: claws 1, cold resistance 1, negative energy resistance 3, inhibited
regeneration, torment resistance, unbreathing
a: no special abilities


You were on level 3 of the Dungeon.
You visited 1 branch of the dungeon, and saw 4 of its levels.

You collected 130 gold pieces.

Inventory:

Hand Weapons
 a - a +0 long sword (weapon)
Missiles
 d - 3 throwing nets (quivered)
Armour
 b - a +0 leather armour (worn)
 c - a +0 helmet (worn)
 o - a +0 pair of gloves (worn)
Jewellery
 e - a ring of willpower (left hand)
 s - a cursed -4 ring of intelligence (right hand)
 v - an uncursed ring of willpower
Wands
 p - a wand of flame (15)
Scrolls
 f - 4 scrolls of remove curse {unknown}
 h - 5 scrolls of immolation {unknown}
 j - a scroll of amnesia {unknown}
 k - a scroll of enchant armour {unknown}
 l - 4 scrolls of identify {unknown}
 n - 2 scrolls of teleportation {unknown}
 r - a scroll of noise {unknown}
Potions
 g - a potion of heal wounds {unknown}
 i - a potion of might {unknown}
 m - a potion of haste
 q - 2 potions of lignification {unknown}
 t - a potion of resistance {unknown}
 u - 3 potions of curing {unknown}


   Skills:
 + Level 3.2 Fighting
 + Level 3.3 Long Blades
 - Level 1.7 Throwing
 + Level 1.7 Armour
 + Level 3.3 Dodging


You had 3 spell levels left.
You didn't know any spells.
Your spell library contained the following spells:

 Spells                   Type           Power        Failure   Level
 Beastly Appendage        Tmut           Unusable     N/A         1
 Wereblood                Tmut           Unusable     N/A         2
 Spider Form              Tmut/Pois      Unusable     N/A         3
 Ice Form                 Ice/Tmut       Unusable     N/A         4
 Blade Hands              Tmut           Unusable     N/A         5

Dungeon Overview and Level Annotations

Branches:
Dungeon (4/15)
 Temple: D:4-7

Altars:
Fedhas

Annotations:
D:3 Natasha


Innate Abilities, Weirdness & Mutations

You thrive by killing the living.
You are immune to poison.
You have sharp fingernails.
Your flesh is cold resistant. (rC+)
You are immune to negative energy. (rN+++)
You do not regenerate when monsters are visible.
You are immune to unholy pain and torment.
You can survive without breathing.


Message History

Natasha claws you but does no damage. The crimson imp barely misses you.
Natasha barely misses you.
You barely miss Natasha.
Natasha is almost dead.
The crimson imp barely misses you.
You riposte.
You miss the crimson imp.
Natasha stares at you and mumbles some strange words.
The magic dart hits you!
* * * LOW HITPOINT WARNING * * *
The crimson imp hits you but does no damage.
Natasha claws you but does no damage.
You are too injured to fight recklessly!
You barely miss Natasha.
Natasha is almost dead.
The crimson imp closely misses you.
Natasha stares at you and mumbles some strange words.
The magic dart hits you.
* * * LOW HITPOINT WARNING * * *
The crimson imp hits you but does no damage.
Natasha claws you!
You die...

...##.##########
...##..........#
....#..######### ....
..#..........# ..h.
..#.........(# ....
.............# ...
.............# ..#
....).....##.######.#
..##......##...5@#..#
####.#..÷.>.####.h.#
#.#...##.## ##.##
#.###.....##...#
#..##......#.#..# #
##.#..##.#.#.##.#..
#........#.#.##...#
#........#.......#
#................#


You could see Natasha and a crimson imp (summoned).

Vanquished Creatures
  Jessica (D:2)
  2 adders
  2 dart slugs
  3 worms
  4 leopard geckos
  3 bats
  2 giant cockroaches (D:2)
  6 hobgoblins
  2 jackals (D:1)
  A ball python (D:2)
  4 frilled lizards
  5 goblins
  4 kobolds
  3 rats
42 creatures vanquished.

Notes
Turn   | Place    | Note
-------+----------+-------------------------------------------
     0 | D:1      | Borgoz the Ghoul Gladiator began the quest for the Orb.
     0 | D:1      | Reached XP level 1. HP: 17/17 MP: 0/0
   249 | D:1      | Reached XP level 2. HP: 25/25 MP: 1/1
   738 | D:2      | Reached XP level 3. HP: 26/30 MP: 2/2
   741 | D:2      | Reached skill level 1 in Armour
   919 | D:2      | Noticed Jessica
   923 | D:2      | Killed Jessica
   924 | D:2      | Reached XP level 4. HP: 38/38 MP: 3/3
  1444 | D:2      | You fall into a shaft and drop 2 floors!
  1890 | D:2      | Found a blossoming altar of Fedhas.
  2126 | D:3      | Noticed Natasha
  2128 | D:3      | Lost intelligence.
  2138 | D:3      | Slain by Natasha

Illustrated notes

Levels and vault maps discovered:
D:1:      dpeg_arrival_short_road, layout_rooms, minmay_tree_intersection
D:2:      layout_basic, fedhas_altar_4, uniq_jessica
D:3:      layout_rooms, tgw_sif, dk_yredelemnul_ordeal, uniq_natasha
D:4:      layout_cave_pools

Skill      XL: |  1  2  3 |
---------------+----------+-----
Long Blades    | 3 |  3.3
Armour         | 1 |  1.7
Dodging        | 3 |  3.3
Fighting       | 3 |  3.2
Throwing       | |  1.7

Action                   |  1- 3 |  4- 6 || total
-------------------------+-------+-------++-------
Melee: Long sword        |    66 |    61 ||   127
 Stab: Sleeping          |       |     1 ||     1
Armor: Leather armour    |    21 |    25 ||    46
Dodge: Dodged            |    39 |    46 ||    85
       Rpst.: Long sword |    17 |    23 ||    40

Table legend: (Time is in decaauts)
 A = Elapsed time spent in this place.
 B = Non-inter-level travel time spent in this place.
 C = Inter-level travel time spent in this place.
 D = Time resting spent in this place.
 E = Time spent auto-exploring this place.
 F = Levels seen in this place.
 G = Mean time per level.
                   A        B        C        D        E       F      G
               +--------+--------+--------+--------+--------+-----+--------+
         Total |   2173 |   2144 |     29 |    324 |   1405 |   4 |  543.2 |
       Dungeon |   2173 |   2144 |     29 |    324 |   1405 |   4 |  543.2 |
               +--------+--------+--------+--------+--------+-----+--------+

Top non-repeatable levels by time:
     D:2: 1160 daAuts
     D:1: 744 daAuts
     D:3: 242 daAuts
     D:4: 24 daAuts
